[Event "4NCL 2023-2024"]
[Site "Daventry"]
[Date "2024.05.06"]
[Round "11.10"]
[White "Harvey, Marcus R"]
[Black "Gormally, Daniel W"]
[Result "1/2-1/2"]
[ECO "A68"]
[WhiteElo "2484"]
[BlackElo "2419"]
[Annotator "TA"]
[PlyCount "94"]
[EventDate "2023.11.11"]
[EventType "team-tourn"]
[EventCountry "ENG"]
[SourceTitle "playchess.com"]
[Source "ChessBase"]
[SourceQuality "1"]
[TimeControl "40/6000+30:3000+30"]

1. c4 Nf6 2. Nc3 g6 3. e4 d6 4. d4 Bg7 5. f4 O-O 6. Nf3 c5 7. d5 e6 8. Be2 exd5 9. cxd5 Bg4 10. O-O Nbd7 11. h3 Bxf3 12. Bxf3 a6 13. a4 c4 14. Be3 Rc8 15. Qc2 Nc5 16. Rae1 (16. Bxc5 $11 Rxc5 17. e5 dxe5 18. fxe5) 16... Nd3 17. Rb1 Nd7 {[%emt 0:09:00] Excellent horsemanship.} 18. Be2 N7c5 19. Bxc5 $1 Nxc5 20. Bxc4 Re8 21. Bd3 $1 Qb6 22. Kh1 Qb4 23. Rf3 Nxa4 24. e5 (24. Qxa4 $11 Bxc3 25. Qd1) 24... Nxc3 (24... Nc5 $15 25. Rbf1 b5 (25... dxe5 26. fxe5 Bxe5 27. d6 $15)) 25. bxc3 $11 Qxc3 26. Qxc3 Rxc3 27. Rxb7 dxe5 {[%emt 0:01:59] [#] Hoping for ...e4.} 28. d6 exf4 29. d7 Rd8 30. Bxa6 Rc1+ 31. Rf1 Rxf1+ 32. Bxf1 $15 {[%emt 0:00:03][%mdl 4096] Endgame. KRB-KRB} Kf8 33. Bb5 Be5 34. Bc6 Ke7 35. Rb1 f6 36. Kg1 Rb8 37. Bb5 Ra8 38. Kf2 Ra3 39. Rd1 Kd8 40. Bc6 Rc3 41. Bb7 Rb3 42. Bc8 Rb2+ 43. Kf1 f3 44. gxf3 {[%emt 0:00:06] [#]} Rh2 $1 45. Bb7 Rh1+ 46. Ke2 Rxd1 47. Kxd1 Kxd7 {[%emt 0:00:02] Weighted Error Value: White=0.15 (very precise) /Black=0.12 (very precise) .  Mistake:       	White=2     	Black=1      Inaccurate:     	White=6     	Black=6      OK:         	White=10    	Black=12     Best:        	White=3     	Black=1      Strong:       	White=2     	Black=1} 1/2-1/2

[Event "4NCL 2023-2024"]
[Site "Daventry"]
[Date "2024.05.06"]
[Round "11.11"]
[White "Bates, Richard A"]
[Black "Murphy, Conor E"]
[Result "1/2-1/2"]
[ECO "E04"]
[WhiteElo "2315"]
[BlackElo "2478"]
[Annotator "TA"]
[PlyCount "96"]
[EventDate "2023.11.11"]
[EventType "team-tourn"]
[EventCountry "ENG"]
[SourceTitle "playchess.com"]
[Source "ChessBase"]
[SourceQuality "1"]
[TimeControl "40/6000+30:3000+30"]

1. d4 d5 2. c4 e6 3. Nf3 Nf6 4. g3 dxc4 5. Bg2 Nc6 6. O-O Rb8 7. Bg5 {[%emt 0:08:24] E04: Open Catalan: 5 Nf3.} Be7 $1 8. e3 O-O 9. a4 b6 10. Nbd2 Ba6 11. Qe2 $146 ({Predecessor:} 11. Re1 Na5 12. Rc1 c5 13. Bf1 cxd4 14. Nxd4 Bb7 15. Nxc4 Qd5 {0-1 Ponting,A (1388)-Schlenther,M (2419) BI-2012-P-00001}) 11... h6 (11... Nd5 $17 12. Bxe7 Qxe7 13. Nxc4 Na5) 12. Bxf6 $15 Bxf6 13. Rac1 Qc8 {[%emt 0:16:48][%cal Oc4c3] ...c3! would now be deadly.} 14. Nxc4 Na5 15. Nfd2 c5 16. d5 (16. Rfd1 $17 {keeps fighting.}) 16... Bxb2 $19 17. Rc2 Bf6 ({Better is} 17... exd5 18. Bxd5 Qd7) 18. Qh5 (18. Bh3 $17) 18... Nxc4 19. Nxc4 exd5 20. Bxd5 Qd7 $36 {[%emt 0:00:26][%mdl 2048] Dodges Nd6. Black is on the roll.} 21. Rfc1 Bb7 22. Bxb7 Rxb7 23. h4 (23. a5 $17) 23... Qxa4 24. g4 Rd7 25. g5 g6 26. Qf3 Bg7 {[%emt 0:01:55] aiming for ...hxg5.} 27. gxh6 Bxh6 28. h5 Bg7 29. hxg6 fxg6 30. Qe4 {[%emt 0:00:09][%cal Of2f4] [#]} Rdf7 (30... Bf6 $142 $1 {Threatens to win with ...Rfd8.} 31. f4 Qb3) 31. Qxg6 Rf6 32. Qe4 {[%emt 0:01:31] [#]} (32. Qd3 $17) 32... Qc6 (32... b5 $1 $19 33. Nd2 Qxe4 (33... Rxf2 34. Rxc5 Rxd2 35. Qe6+ Rf7 36. Rf1 $11) 34. Nxe4 Rg6+ 35. Kf1 c4) 33. Qxc6 $17 Rxc6 34. Rb1 Rb8 35. Ra2 Rc7 36. f4 Bc3 (36... Rd8 $15 {might be stronger.}) 37. Kf2 b5 38. Nd6 b4 39. Rc2 (39. Nc4 $15) 39... Rb6 (39... Bg7 $19 {And now ...a5 would win.} 40. Kf3 b3) 40. Ne4 $11 Rh6 {[%emt 0:02:16] ...Rh2+ is the strong threat.} 41. Rcc1 Bg7 ({Don't play} 41... Rh2+ 42. Kg3 Rb2 43. Rxb2 (43. Nxc3 bxc3 44. Ra1 c2 $11) 43... Bxb2 44. Rxc5 Rxc5 45. Nxc5) 42. Rxc5 Rxc5 43. Nxc5 {[%emt 0:00:08][%mdl 4096] Endgame. KRB-KRN} a5 44. Kf3 Rb6 45. Rb3 Bf8 (45... Rb5 $5 46. Na4 $8 Kf7 $11) 46. Na4 $1 Rd6 47. Ke2 {[%emt 0:00:32] Repels Rd1} Kf7 48. Rd3 Rxd3 1/2-1/2

[Event "4NCL 2023-2024"]
[Site "Daventry"]
[Date "2024.05.06"]
[Round "11.12"]
[White "Wadsworth, Matthew J"]
[Black "Varney, Zoe"]
[Result "1-0"]
[ECO "A13"]
[WhiteElo "2470"]
[BlackElo "2070"]
[Annotator "TA"]
[PlyCount "97"]
[EventDate "2023.11.11"]
[EventType "team-tourn"]
[EventCountry "ENG"]
[SourceTitle "playchess.com"]
[Source "ChessBase"]
[SourceQuality "1"]
[TimeControl "40/6000+30:3000+30"]

1. c4 e6 2. g3 d5 3. Bg2 Nf6 4. Nf3 dxc4 5. Qa4+ Nbd7 6. Qxc4 a6 7. Qc2 c5 8. Nc3 Qc7 9. d4 (9. O-O $14 {feels stronger.}) 9... b6 10. Bf4 Bd6 {[%emt 0:08:00] [#] White is slightly better.} 11. Bxd6 $1 Qxd6 12. Ne4 Nxe4 13. Qxe4 Rb8 14. dxc5 Nxc5 15. Qe3 Bb7 16. O-O O-O 17. Rfd1 Qe7 18. b4 Nd7 19. Rac1 {[%emt 0:01:42] [#] Black must now prevent Rc7.} Nf6 20. a3 (20. Qxb6 Bxf3 21. Qc5 Qxc5 22. bxc5 Bxg2 (22... Bxe2 $2 23. Rd2 $19) 23. Kxg2 Rb2 $19) 20... Bd5 21. Ne5 Bxg2 22. Kxg2 Qb7+ 23. Qf3 Nd5 $1 24. Nc4 f5 25. Kg1 g5 ({Better is} 25... Rbc8 $14) 26. e4 $36 {[%emt 0:10:46][%mdl 2048] White is on the roll.} Nf6 (26... fxe4 $142 27. Qxe4 Qf7) 27. Nd6 fxe4 28. Qe3 Qg7 29. Nxe4 {[%emt 0:00:29] White has more active pieces.} Nxe4 30. Qxe4 Rf6 31. Rc6 Rbf8 32. Rd2 (32. Rxb6 $6 Rxf2 33. Qxe6+ (33. Rxe6 Qf7 $11) 33... Kh8) 32... Qf7 (32... Qb7 {keeps fighting.} 33. Qc2 (33. Rxe6 Qxe4 34. Rxe4 Rf3 $16) 33... Rf5 34. Rxe6 a5) 33. Qe3 (33. Rxb6 $2 Rxf2 34. Rd1 Rf1+ 35. Kg2 Rxd1 $19) 33... h6 (33... a5 $142 34. Qxg5+ (34. Rxb6 axb4 35. axb4 h6 $18) 34... Kh8) 34. Qxb6 Qg6 {[%emt 0:00:42] And now ...Qb1+ would win.} 35. Qe3 g4 (35... e5 $142 36. Rxf6 Qxf6) 36. Rcd6 Qb1+ 37. Rd1 Qf5 38. Rxa6 Qxf2+ 39. Qxf2 Rxf2 40. Rxe6 {[%emt 0:01:38][%mdl 4096] Endgame. KRR-KRR} Ra2 41. Rf1 {[%emt 0:55:39] Against Rff2} Rc8 (41... Rxf1+ 42. Kxf1 Kh7 43. Re4 Rxa3 44. Rxg4 Ra1+ 45. Ke2 Ra2+ 46. Kd3 Rxh2 47. Re4) 42. Rxh6 Rc4 43. Rhf6 Rxa3 44. R6f4 Rc2 45. Rxg4+ Kh7 46. Rf2 Rc1+ 47. Kg2 Rb3 48. Kh3 Rcb1 49. Rf5 {[%emt 0:00:00] Weighted Error Value: White=0.13 (very precise) /Black=0.43.  Mistake:       	White=1     	Black=5      Inaccurate:     	White=3     	Black=6      OK:         	White=21    	Black=14     Best:        	White=3     	---        Strong:       	White=1     	Black=1} 1-0

[Event "4NCL 2023-2024"]
[Site "Daventry"]
[Date "2024.05.06"]
[Round "11.13"]
[White "Ledger, Dave J"]
[Black "Speelman, Jon S"]
[Result "0-1"]
[ECO "C10"]
[WhiteElo "2211"]
[BlackElo "2497"]
[Annotator "TA"]
[PlyCount "54"]
[EventDate "2023.11.11"]
[EventType "team-tourn"]
[EventCountry "ENG"]
[SourceTitle "playchess.com"]
[Source "ChessBase"]
[SourceQuality "1"]
[TimeControl "40/6000+30:3000+30"]

1. e4 e6 2. d4 d5 3. Nc3 a6 4. h4 dxe4 5. Nxe4 Nd7 6. Nf3 Ngf6 7. Nxf6+ Nxf6 8. Bg5 {[%emt 0:02:25][%cal Bc1g5,Bg5f4,Bf4e5][%mdl 32] The position is equal.} h6 9. Bf4 Nd5 10. Be5 f6 {[%emt 0:04:06] [#]} 11. Bd3 Bb4+ $17 12. c3 Nxc3 13. Bg6+ Ke7 14. bxc3 Bxc3+ 15. Ke2 fxe5 16. Rc1 Bxd4 ({But not} 16... exd4 17. Qb3 Qd5 18. Rxc3 dxc3 19. Qxc3 Qxa2+ 20. Ke3 $15) 17. Qc2 Qd6 ({Black should try} 17... c5 $19 {...Bd7 would now be deadly.} 18. Rh3 b6) 18. h5 {[%emt 0:04:23] This costs White the game.} (18. Qxc7+ $17 {keeps fighting.} Bd7 19. Qxd6+ Kxd6 20. Rhd1) 18... Bd7 $19 19. Kf1 Bc6 {[%emt 0:07:17] And now ...Raf8 would win.} 20. Rh3 (20. Be4 $142) 20... Raf8 21. Be4 (21. Nxd4 {was called for.} exd4 (21... Qxd4 $2 22. Rd3 $19) 22. Be4) 21... Bxe4 22. Qxe4 c6 23. Rg3 Rf7 {[%emt 0:00:09][%cal Od4f2] [#] Threatens to win with ...Bxf2!} 24. Rd1 Qc5 25. Qh4+ Kd6 {[%emt 0:01:55] White must now prevent ...Rhf8.} 26. Rg6 $2 (26. Nxd4 $17 exd4 27. Qxd4+ Qxd4 28. Rxd4+ Kc5 29. Rdg4) 26... Kc7 {[%emt 0:01:55] Strongly threatening ...Qc2.} 27. Rxe6 $2 (27. Nxd4 exd4 28. Qxd4 Qxd4 (28... Qxh5 29. Rxg7 Rhf8 30. Rxf7+ Qxf7 31. Kg1 $17) 29. Rxd4) 27... Qc4+ {[%emt 0:00:19] Weighted Error Value: White=0.61/Black=0.30.  Mistake:       	White=6     	Black=1      Inaccurate:     	White=1     	Black=4      OK:         	White=3     	Black=9      Best:        	---       	Black=4} 0-1

[Event "4NCL 2023-2024"]
[Site "Daventry"]
[Date "2024.05.06"]
[Round "11.14"]
[White "Turner, Matthew J"]
[Black "Nelson, Jonathan P"]
[Result "1-0"]
[ECO "B08"]
[WhiteElo "2454"]
[BlackElo "2133"]
[Annotator "TA"]
[PlyCount "81"]
[EventDate "2023.11.11"]
[EventType "team-tourn"]
[EventCountry "ENG"]
[SourceTitle "playchess.com"]
[Source "ChessBase"]
[SourceQuality "1"]
[TimeControl "40/6000+30:3000+30"]

1. d4 Nf6 2. Nc3 d6 3. e4 g6 4. Nf3 Bg7 5. h3 O-O 6. Be3 c6 7. a4 a5 8. Be2 Na6 9. e5 (9. Qd2 $14) 9... Nd5 (9... dxe5 $11 10. dxe5 Qxd1+ 11. Rxd1 Nd7) 10. Nxd5 $14 cxd5 {[%emt 0:00:03] White is slightly better.} 11. c3 Bf5 12. O-O Be4 13. e6 Bf5 (13... fxe6 $14 14. Nd2 e5) 14. exf7+ $16 Rxf7 15. Ng5 {[%emt 0:04:42][%cal Og2g4] [#] Strongly threatening g4!} Rf8 16. g4 Bd7 17. f4 Nc7 18. Bd3 (18. Qd2 $14) 18... e6 (18... e5 $11 {remains equal.}) 19. Qe1 {[%emt 0:02:46] Hoping for Qh4.} Qe7 20. Qg3 Bf6 (20... e5 $11 {keeps the balance.}) 21. Nf3 $36 {[%emt 0:04:54][%mdl 2048] White is really pushing.} b5 22. h4 (22. Rae1 $142) 22... bxa4 23. Rf2 Rf7 (23... Qg7 $16) 24. h5 (24. g5 $18 Bg7 25. h5) 24... gxh5 {[%emt 0:00:14] [#]} 25. g5 {[%emt 0:00:22] White has more active pieces.} (25. gxh5+ Rg7 26. Ng5 h6 $11) 25... Bh8 (25... Rg7 $16 {was called for.}) 26. Re1 Qf8 27. Nh4 {[%emt 0:02:10] aiming for g6.} Rg7 $2 (27... Rf5 {was worth a try.} 28. Bd2 Rf7) 28. f5 $18 exf5 29. Bxf5 (29. Nxf5 Bxf5 30. Bxf5 (30. Rxf5 Rf7 $18) 30... Qe8 $18) 29... Bxf5 30. Nxf5 Rg6 31. Bd2 Re8 {[%emt 0:00:56] Prevents Ne7+.} 32. Rxe8 (32. Ne7+ Qxe7 33. Rxe7 Rxe7 $18) 32... Nxe8 33. Kf1 {[%emt 0:02:53] Nh6+ would now be deadly.} Nf6 (33... Bf6 $142 34. Qg2 (34. Qh4 Ng7 $18) 34... Qf7) 34. Qf3 (34. Qxd6 $2 Qxd6 35. Nxd6 a3 (35... Ng4 $2 36. Re2 $19) 36. bxa3 (36. gxf6 $2 a2 $19) 36... Ng4 $19) (34. Nxd6 h6 $11) 34... Qe8 35. gxf6 Qb5+ 36. Qe2 (36. Re2 $142 Bxf6 37. Nxd6 (37. Qxh5 Qd3 $18)) 36... Qxe2+ 37. Kxe2 Bxf6 38. Ne3 ({Not} 38. Nxd6 Bh4 39. Rh2 Bg3 40. Rxh5 Bxd6 41. Rxd5 Rg2+ 42. Kd3 Rg3+ 43. Kc2 Rg6 44. Rxa5 Rg2 $18) 38... Bg5 39. Nxd5 Re6+ 40. Kd3 Bxd2 41. Rxd2 {[%emt 0:50:26] Weighted Error Value: White=0.48/Black=0.53.  Loses game:     	---       	Black=1      Mistake:       	White=4     	Black=7      Inaccurate:     	White=3     	Black=1      OK:         	White=11    	Black=8      Best:        	White=3     	Black=1} (41. Kxd2 Kg7 42. Nf4 Rh6 $18) 1-0

[Event "4NCL 2023-2024"]
[Site "Daventry"]
[Date "2024.05.06"]
[Round "11.15"]
[White "Eames, Robert S"]
[Black "Gasanov, Eldar"]
[Result "0-1"]
[ECO "B57"]
[WhiteElo "2175"]
[BlackElo "2475"]
[Annotator "TA"]
[PlyCount "54"]
[EventDate "2023.11.11"]
[EventType "team-tourn"]
[EventCountry "ENG"]
[SourceTitle "playchess.com"]
[Source "ChessBase"]
[SourceQuality "1"]
[TimeControl "40/6000+30:3000+30"]

1. e4 c5 2. Nf3 Nc6 3. d4 cxd4 4. Nxd4 Nf6 5. Nc3 d6 6. Bc4 Qb6 7. Nb3 e6 8. Bf4 Ne5 9. Be2 a6 10. g4 Qc7 11. g5 $1 Nfd7 12. Bg3 (12. a4 $14) 12... b5 $11 13. f4 Nc4 14. Qd4 Bb7 ({Black should play} 14... Nxb2 $11 15. O-O Na4 16. Nxa4 bxa4 17. Qxa4 Be7) 15. O-O Rc8 16. a4 $1 Nxb2 {[%emt 0:20:09] [#]} 17. Nxb5 Qxc2 18. Na5 $2 {[%emt 0:13:06] This move loses the game for White.} (18. Qa7 $1 $14 {was the only good move.} Qxe2 (18... axb5 $2 {too greedy.} 19. Qxb7 Rb8 20. Rac1 $18) (18... Qxe4 $2 {is the wrong capture.} 19. Bf3 $18) 19. Qxb7) 18... Qxe2 $40 {[%emt 0:10:27][%mdl 128] Black attacks with force.} 19. Nxb7 (19. Nxd6+ $17 Bxd6 20. Nxb7) 19... axb5 $19 20. Rf2 Qc4 21. Qxb2 bxa4 ({Inferior is} 21... Qxe4 22. Qxb5 Rc7 23. Rb1 $15) 22. e5 dxe5 23. fxe5 Rb8 24. Rc2 $2 {[%emt 0:05:24] [#]} (24. Rc1 Qd5 25. Nd6+ Bxd6 26. exd6) 24... Rxb7 $1 {[%emt 0:08:42] Black is clearly winning.} 25. Rxc4 {[%emt 0:03:16] Rc8+ would kill now.} Rxb2 26. Rc8+ Ke7 27. Rxa4 Rb8 {[%emt 0:02:00] Weighted Error Value: White=0.42/Black=0.13 (very precise) .  Loses game:     	White=1     	---        Mistake:       	White=3     	Black=1      Inaccurate:     	White=3     	Black=2      OK:         	White=4     	Black=10     Best:        	White=1     	Black=2      Strong:       	White=2     	---} 0-1

[Event "4NCL 2023-2024"]
[Site "Daventry"]
[Date "2024.05.06"]
[Round "11.16"]
[White "Toma, Katarzyna"]
[Black "Ledger, Stephen C"]
[Result "1/2-1/2"]
[ECO "B31"]
[WhiteElo "2204"]
[BlackElo "2000"]
[Annotator "RC"]
[PlyCount "58"]
[EventDate "2023.11.11"]
[EventType "team-tourn"]
[EventCountry "ENG"]
[SourceTitle "playchess.com"]
[Source "ChessBase"]
[SourceQuality "1"]
[TimeControl "40/6000+30:3000+30"]

1. e4 c5 2. Nf3 Nc6 3. Bb5 g6 4. Bxc6 dxc6 5. d3 Bg7 6. h3 Nf6 7. Nc3 Nd7 8. Be3 e5 9. Qd2 Qe7 10. a3 Nf8 11. O-O Ne6 12. Ne2 O-O 13. Rae1 b6 14. Nh2 Nd4 15. f4 Nxe2+ 16. Rxe2 exf4 17. Bxf4 Be6 18. e5 Qd7 19. Nf3 Rae8 20. Rfe1 Bd5 21. Ng5 h6 22. Ne4 Bxe4 23. Rxe4 g5 24. Bg3 f5 25. exf6 Bxf6 26. Kh2 Rxe4 27. Rxe4 Re8 28. Rxe8+ Qxe8 29. b3 Qe6 1/2-1/2

[Event "4NCL 2023-2024"]
[Site "Daventry"]
[Date "2024.05.06"]
[Round "11.17"]
[White "Pert, Richard G"]
[Black "Roberson, Peter T"]
[Result "1-0"]
[ECO "D02"]
[WhiteElo "2413"]
[BlackElo "2426"]
[Annotator "TA"]
[PlyCount "79"]
[EventDate "2023.11.11"]
[EventType "team-tourn"]
[EventCountry "ENG"]
[SourceTitle "playchess.com"]
[Source "ChessBase"]
[SourceQuality "1"]
[TimeControl "40/6000+30:3000+30"]

1. d4 Nf6 2. Nf3 d5 3. Bf4 c5 4. e3 Nc6 5. Nbd2 e6 6. c3 cxd4 7. exd4 Nh5 8. Bg5 f6 (8... Qc7 {seems wilder.} 9. Ne5 g6 10. g4 f6) 9. Be3 {[%emt 0:01:14] The position is equal.} Bd6 10. Bb5 O-O 11. O-O Nf4 12. Re1 Ne7 13. Nb3 Nfg6 14. Bd3 b6 15. a4 Bc7 16. h4 e5 17. Bxg6 (17. dxe5 $1 $14 fxe5 18. h5) 17... Nxg6 $11 18. h5 Nf4 (18... e4 {keeps more tension.} 19. hxg6 Bg4 20. gxh7+ Kh8) 19. dxe5 fxe5 (19... Nxg2 $1 $11 20. Kxg2 fxe5) 20. Bxf4 $16 exf4 21. Nbd4 {[%emt 0:01:46] Strongly threatening Qd3. White is more active.} Rf6 $2 {[%emt 0:02:41] [#]} (21... Bg4 $16) 22. Nb5 $2 {[%emt 0:03:21] A dynamic duo of knights.} (22. Ng5 $18 {and the rest is easy.}) 22... Bb7 (22... Bb8 $16 {was necessary.}) 23. Qd4 Bd6 24. Nxd6 Qxd6 25. Re5 {[%emt 0:00:29] Prevents Rf5.} h6 26. Rae1 Raf8 (26... Qc5 $142 27. Nh4 Qxd4 28. cxd4 Bc6) 27. Nh4 $18 f3 28. Nxf3 ({Don't do} 28. gxf3 Rf4 $18) (28. Ng6 $142 Rxg6 29. hxg6 Qxg6 30. g3) 28... Rf4 29. R1e4 R4f6 30. Rg4 Bc8 31. Rg3 (31. Qxd5+ $2 {perishes.} Qxd5 $19) 31... Be6 32. c4 Bf7 33. cxd5 {[%emt 0:00:37] [#] Threatens to win with Qg4.} Rc8 34. Nh4 $2 (34. Nd2 $18 {and White stays clearly on top. Hoping for Ne4.} Qf8 35. f3) 34... Rc1+ $16 35. Kh2 {[%emt 0:00:01] Rf5 would now be deadly.} Rd1 $2 36. Qg4 $18 ({Less strong is} 36. Qxd1 Qxe5 37. Qg4 Rxf2 $16) 36... g5 37. hxg6 Bxd5 38. Re8+ {[%emt 0:00:46] White mates.} Kg7 39. Qxd1 Rxf2 40. Qd4+ {[%emt 0:00:28] Weighted Error Value: White=0.41/Black=0.49.  Loses game:     	---       	Black=2      Missed win:     	White=2     	---        Mistake:       	White=2     	Black=3      Inaccurate:     	White=1     	Black=4      OK:         	White=11    	Black=6      Best:        	White=4     	Black=1} 1-0

[Event "4NCL 2023-2024"]
[Site "Daventry"]
[Date "2024.05.06"]
[Round "11.18"]
[White "Nasuta, Grzegorz"]
[Black "Clarke, Brandon G I"]
[Result "1/2-1/2"]
[ECO "B90"]
[WhiteElo "2547"]
[BlackElo "2505"]
[Annotator "TA"]
[PlyCount "68"]
[EventDate "2023.11.11"]
[EventType "team-tourn"]
[EventCountry "ENG"]
[SourceTitle "playchess.com"]
[Source "ChessBase"]
[SourceQuality "1"]
[TimeControl "40/6000+30:3000+30"]

1. e4 c5 2. Nf3 d6 3. d4 cxd4 4. Nxd4 Nf6 5. Nc3 a6 6. f3 e5 7. Nb3 Be6 8. Be3 Be7 9. Qd2 O-O 10. O-O-O Nbd7 11. g4 b5 12. g5 b4 13. Ne2 Nh5 14. Ng3 a5 15. Nxh5 {[%emt 0:00:06] White is slightly better.} a4 16. Na1 {[%emt 0:00:05] Black must now prevent Kb1.} Bxa2 17. Ng3 (17. Qxb4 $6 Be6 (17... Bxg5 $2 18. Qa3 $18) (17... d5 18. Qd2 $11) 18. Qd2 a3 $14) (17. Bb5 $1 $16) 17... g6 $1 $11 18. h4 {[%emt 0:00:16][%cal Oh4h5] h5! would now be deadly.} (18. Qxb4 $2 d5 (18... Bxg5 $2 19. Bxg5 Qxg5+ 20. Qd2 $18) 19. Qe1 d4 $19 (19... Bxg5 $2 20. exd5 f5 21. Bxg5 $18)) 18... b3 $1 {[%emt 0:02:28] ...bxc2 is the strong threat.} 19. Ne2 a3 {[%emt 0:01:45] Hoping for ...Qb8.} 20. cxb3 (20. Nxb3 Bxb3 21. cxb3 a2 $15) 20... Qc7+ $2 (20... Qb8 $1 $14 21. Nc3 Bxb3 22. Nxb3 Qxb3) 21. Nc3 $18 {[%emt 0:03:31] aiming for Bc4.} Rfb8 (21... d5 {might work better.}) 22. Bc4 axb2+ 23. Qxb2 Bxb3 24. Bxb3 d5 25. Nc2 {[%emt 0:06:03] [#] Wards off Ba3} (25. exd5 $2 Ba3 26. Kb1 Bxb2 27. Kxb2 Qc4 $19) (25. Kb1 $18 d4 26. Nd5) 25... Ba3 $1 $15 26. Nxd5 (26. Nxa3 $2 Rxa3 27. Kc2 Rbxb3 28. Qxb3 Rxb3 29. Kxb3 Qc4+ 30. Kb2 d4 $19) 26... Bxb2+ 27. Kxb2 Qa5 28. Ra1 {[%emt 0:04:41] Prevents Qa2+.} ({Don't go for} 28. Ne7+ $2 Kf8 29. Ra1 Qb5 30. Rxa8 Qxb3+ (30... Rxa8 31. Nd5 $17) 31. Kc1 Rxa8 $19) 28... Qb5 29. Ndb4 Rxa1 30. Rxa1 Qe2 (30... Nc5 $17 {Threatens to win with ...Nd3+.} 31. Ra3 Nd3+ 32. Nxd3 Qxd3) 31. Kc3 {[%emt 0:00:41] [#]} (31. Ra4 $1 $11) 31... Rc8+ (31... Qxf3 32. Ra7 Nc5 33. Rxf7 Nxe4+ 34. Kb2 Qxf7 35. Bxf7+ Kxf7 36. Kb3 $17) (31... Nb6 $1 $17 32. Ra5 Rc8+ 33. Kb2 Nc4+ 34. Bxc4 Qxc4) 32. Kb2 $11 {[%emt 0:00:02] Active counter play!} Rb8 (32... Nf8 $11) 33. Kc3 $17 {[%emt 0:00:01] [#]} Rc8+ (33... Qxf3 34. Ra7 Nc5 35. Rxf7 Nxe4+ 36. Kb2 Qxf7 37. Ba7 $16) (33... Nb6 $1 $17 34. Ra5 Rc8+ 35. Kb2 Nc4+ 36. Bxc4 Qxc4) 34. Kb2 $11 Rb8 {[%emt 0:00:07] Blacks defense is rewarded with a draw.   Weighted Error Value: White=0.46/Black=0.39.  Loses game:     	---       	Black=1      Missed win:     	White=1     	---        Mistake:       	White=2     	Black=5      Inaccurate:     	White=1     	Black=1      OK:         	White=7     	Black=5      Best:        	White=6     	Black=3      Strong:       	---       	Black=2      Brilliant:      	---       	Black=1} 1/2-1/2

[Event "4NCL 2023-2024"]
[Site "Daventry"]
[Date "2024.05.06"]
[Round "11.19"]
[White "Williams, Simon K"]
[Black "Makkar, Rajat"]
[Result "0-1"]
[ECO "D10"]
[WhiteElo "2467"]
[BlackElo "2455"]
[Annotator "TA"]
[PlyCount "106"]
[EventDate "2023.11.11"]
[EventType "team-tourn"]
[EventCountry "ENG"]
[SourceTitle "playchess.com"]
[Source "ChessBase"]
[SourceQuality "1"]
[TimeControl "40/6000+30:3000+30"]

1. d4 d5 2. c4 c6 3. cxd5 cxd5 4. Nc3 Nf6 5. f3 Qb6 6. e4 {[%emt 0:02:04] D10: Slav Defence: 3 cxd5 (without early Nf3) and 3 Nc3.} dxe4 7. fxe4 e5 8. Bb5+ Nc6 9. d5 Bb4 10. Qd3 a6 11. Ba4 Qa5 12. Bd1 Nd4 13. Nge2 O-O 14. O-O Bd7 15. Kh1 $146 (15. Nxd4 exd4 16. Rxf6 dxc3 $19 (16... gxf6 17. Qg3+ Kh8 18. Qf2 $17)) ({Predecessor:} 15. a3 Bc5 16. Kh1 Ne8 17. Qg3 f6 18. Nxd4 Bxd4 19. Bh5 f5 20. exf5 Rxf5 21. Bg5 Bxc3 22. Rxf5 Bxf5 23. Qxc3 Qxc3 24. bxc3 {½-½ Ruiz Jarabo Pelayo,F (2290)-Botev,K (2423) W-Cup20 sf08 email 2015}) 15... Bb5 16. Nxb5 Qxb5 17. Qxb5 Nxb5 18. Ng3 Nd6 19. Bf3 h6 20. a3 Bc5 21. Bd2 Rac8 22. Rac1 Rfe8 23. a4 (23. Rc2 $11 {is superior.}) 23... h5 $15 24. h4 g6 25. Kh2 Nd7 26. Be2 Bd4 27. Bb4 Bc5 (27... Bxb2 28. Rb1 Nc4 29. Bxc4 Rxc4 30. Rxb2 $18) (27... Nc5 {simplifies} 28. Bxc5 Bxc5 29. Bd3 Be3) 28. Bd2 Kg7 29. Bd3 Nf6 30. Bh6+ Kxh6 31. Rxf6 Kg7 32. Rcf1 Re7 33. Ne2 Ne8 34. R6f3 f5 35. exf5 $2 (35. Bb1 $11 f4 36. g3) 35... e4 $19 36. f6+ Nxf6 $1 37. Rxf6 exd3 38. Nc3 {[%emt 0:00:32] [#]} d2 $1 39. Re6 Rce8 40. Rd1 Rxe6 41. dxe6 Rd8 (41... Rxe6 42. Rxd2 Rb6 43. Kh3 $15) 42. Ne4 Bb4 43. Kg3 (43. e7 {was necessary.} Bxe7 44. Rxd2) 43... Kf8 $19 44. Kf4 Ke7 45. Ke5 Rd3 46. Nc3 Bxc3+ 47. bxc3 Rd6 ({Weaker is} 47... Rxc3 48. Rxd2 Re3+ 49. Kf4 Rxe6 50. a5 $11) 48. c4 Rxe6+ 49. Kd4 Re2 50. g3 Kd6 51. Kd3 Rg2 52. Rxd2 $2 (52. Rb1 $19) 52... Rxd2+ (52... Rxg3+ $2 53. Kc2+ Kc7 (53... Kc5 $2 54. Rd7 $19) 54. Re2 $19) 53. Kxd2 Kc5 0-1